CHICAGO WOLVES vs SHEDIAC CRUNCH

Created - 18 octobre 2025 at 22:06

Goals
1 2 3 T
CHICAGO WOLVES 1 2 0 3
SHEDIAC CRUNCH 0 0 2 2
Shots
1 2 3 T
CHICAGO WOLVES 23 13 9 45
SHEDIAC CRUNCH 7 10 17 34

1st period

1. CHICAGO WOLVES , Glenn Gawdin 3 (Jackson Blake 2, Jordan Greenway 7) at 8:06

Penalties :
Marcel Marcel (SHE) for Interference (Minor) at 0:30, Tyrel Bauer (SHE) for High sticking (Minor) at 4:31, Marcel Marcel (SHE) for Tripping (Minor) at 9:38, Luke Prokop (SHE) for Elbowing (Minor) at 13:52, Braden Hache (SHE) for Slashing (Minor) at 16:48, Gemel Smith (SHE) for Hooking (Minor) at 19:16

2nd period

2. CHICAGO WOLVES , Devin Shore 1 (Tanner Jeannot 1, Yan Kuznetsov 3) at 9:53
3. CHICAGO WOLVES , Tanner Jeannot 1 (Jonatan Berggren 1, Yan Kuznetsov 4) at 13:30

Penalties :
Marcel Marcel (SHE) for Slashing (Minor) at 3:38, Montana Onyebuchi (CHW) for Holding (Minor) at 3:38, Ondrej Becher (CHW) for Hooking (Minor) at 10:35, Montana Onyebuchi (CHW) for Holding (Minor) at 15:23

3rd period

4. SHEDIAC CRUNCH , Atley Calvert 2 (Kyle MacLean 2, Anton Blidh 2) at 14:03
5. SHEDIAC CRUNCH , Alex Doucet 2 (Bogdan Trineyev 3, Marcel Marcel 4) at 15:35 (PP)

Penalties :
Jordan Greenway (CHW) for Tripping (Minor) at 11:55, Nikolas Matinpalo (CHW) for Slashing (Minor) at 14:29, Yan Kuznetsov (CHW) for Roughing (Minor) at 15:01, Montana Onyebuchi (CHW) for Tripping (Minor) at 18:26

Goalie Stats

Jet Greaves (CHW), 32 saves from 34 shots - (0,941), W, 4-0-0, 60:00 minutes
Matt Villalta (SHE), 42 saves from 45 shots - (0,933), L, 1-3-0, 59:27 minutes

Players Stats for CHICAGO WOLVES

Player Name              G  A  P  +/- PIM S  H  SB GA TA FO     MP     PP MP  PK MP  
------------------------------------------------------------------------------------
Coulson Pitre            0  0  0   0  0   0  0  0  0  0  0/0     2:21   0:00   0:00 
Dalibor Dvorsky          0  0  0   0  0   1  0  0  0  0  3/6     3:33   0:00   1:12 
Devin Shore              1  0  1   2  0   4  0  0  0  0  10/22  15:16   5:38   0:36 
Glenn Gawdin             1  0  1   1  0   4  0  0  0  0  3/7    20:40   6:16   3:14 
Jackson Blake            0  1  1   1  0   6  0  1  0  0  10/41  25:50   6:16   6:00 
Jake Lucchini            0  0  0  -1  0   4  1  0  0  0  5/12   14:31   0:00   0:00 
Jonatan Berggren         0  1  1   2  0   5  0  0  0  0  1/2    18:52   5:38   3:14 
Jordan Greenway          0  1  1   1  2   13 10 2  0  0  1/1    22:04   6:16   4:36 
Kirill Kudryavtsev       0  0  0   2  0   2  0  0  0  0  0/0    25:42   6:23   4:25 
Lane Pederson            0  0  0   0  0   0  0  0  0  0  0/0     0:00   0:00   0:00 
Luke Krys                0  0  0   1  0   0  0  0  0  0  0/0    22:52   5:31   5:04 
Matthew Seminoff         0  0  0  -1  0   1  2  0  0  0  0/0    14:31   0:00   0:00 
Montana Onyebuchi        0  0  0   1  6   0  7  1  0  0  0/0    19:53   5:31   3:06 
Nikolas Matinpalo        0  0  0  -1  2   0  0  1  0  0  0/0    13:53   0:00   3:00 
Ondrej Becher            0  0  0  -1  2   0  2  0  0  0  0/0    14:30   0:00   0:00 
Tanner Jeannot           1  1  2   2  0   2  7  0  0  0  0/0    15:16   5:38   0:36 
Vincent Iorio            0  0  0  -1  0   1  1  0  0  0  0/0    12:08   0:00   0:16 
Yan Kuznetsov            0  2  2   2  2   2  4  2  0  0  0/0    25:27   6:23   4:10 

Players Stats for SHEDIAC CRUNCH

Player Name              G  A  P  +/- PIM S  H  SB GA TA FO     MP     PP MP  PK MP  
------------------------------------------------------------------------------------
Alex Doucet              1  0  1  -1  0   4  0  0  0  0  15/26  15:49   4:20   0:00 
Anton Blidh              0  1  1  -1  0   2  1  0  0  0  4/8    20:56   5:41   5:46 
Atley Calvert            1  0  1   0  0   3  0  1  0  0  0/1    13:46   0:00   0:00 
Axel Jonsson-Fjallby     0  0  0  -1  0   5  2  0  0  0  0/0    21:07   5:41   6:08 
Bogdan Trineyev          0  1  1  -1  0   5  1  3  0  0  3/4    22:40   4:20   5:46 
Braden Hache             0  0  0   0  2   2  4  2  0  0  0/0    21:38   5:04   4:45 
Brandon Coe              0  0  0   0  0   0  0  0  0  0  0/0     2:27   0:00   0:00 
Elias Salomonsson        0  0  0  -1  0   0  1  0  0  0  0/0    25:32   4:57   6:12 
Gemel Smith              0  0  0   0  2   3  3  0  0  0  1/1    14:20   0:00   0:35 
Jaydon Dureau            0  0  0   0  0   0  0  0  0  0  1/1     0:23   0:23   0:00 
Jimmy Schuldt            0  0  0  -1  0   1  0  0  0  0  0/0    12:14   0:00   0:22 
Jujhar Khaira            0  0  0   0  0   0  2  0  0  0  9/16   13:46   0:00   0:00 
Kasper Halttunen         0  0  0   0  0   0  1  0  0  0  0/0     2:27   0:00   0:00 
Kyle MacLean             0  1  1  -1  0   4  1  0  0  0  24/33  22:36   5:18   5:33 
Luke Prokop              0  0  0   0  2   2  0  0  0  0  0/0    21:29   5:04   4:50 
Madison Bowey            0  0  0  -1  0   0  4  1  0  0  0/0    25:33   4:57   6:13 
Marcel Marcel            0  1  1  -1  6   3  3  0  0  0  1/1    15:46   4:20   0:00 
Tyrel Bauer              0  0  0  -1  2   0  4  0  0  0  0/0    13:31   0:00   1:26 

3 Stars

1 - Tanner Jeannot (CHW)
2 - Jordan Greenway (CHW)
3 - Yan Kuznetsov (CHW)

Power Play

CHICAGO WOLVES - 0 on 6 Attempt(s) - 0,00%
SHEDIAC CRUNCH - 1 on 6 Attempt(s) - 16,67%

Penalty Kill

CHICAGO WOLVES - 5 on 6 Attempt(s) - 83,33% - Score 0 goal in Penalty Kill
SHEDIAC CRUNCH - 6 on 6 Attempt(s) - 100,00% - Score 0 goal in Penalty Kill

Team Stat

CHICAGO WOLVES - Hits : 34 - Faceoff Wins : 33 - Blocked Shots : 7 - Penalty Minutes : 14
SHEDIAC CRUNCH - Hits : 27 - Faceoff Wins : 58 - Blocked Shots : 7 - Penalty Minutes : 14

Official

Referees : Brad Meier and Kevin Pollock
Linesman : Bryan Pancich and Brian Mach

Game Notes

No Game Note

CHICAGO WOLVES

5 vs 5 Forward 
   Center                   Left Wing                Right Wing               Time % Phy DF OF 
 1 Jackson Blake            Jordan Greenway          Glenn Gawdin             36     1   2  2  
 2 Devin Shore              Jonatan Berggren         Tanner Jeannot           31     1   2  2  
 3 Jake Lucchini            Ondrej Becher            Matthew Seminoff         23     1   2  2  
 4 Dalibor Dvorsky          Jackson Blake            Coulson Pitre            10     1   2  2  

5 vs 5 Defense 
   Defense                  Defense                                           Time % Phy DF OF 
 1 Yan Kuznetsov            Kirill Kudryavtsev                                36     1   2  2  
 2 Luke Krys                Montana Onyebuchi                                 31     1   2  2  
 3 Vincent Iorio            Nikolas Matinpalo                                 23     1   2  2  
 4 Yan Kuznetsov            Kirill Kudryavtsev                                10     1   2  2  

PowerPlay Forward 
   Center                   Left Wing                Right Wing               Time % Phy DF OF 
 1 Jackson Blake            Jordan Greenway          Glenn Gawdin             55     1   2  2  
 2 Devin Shore              Jonatan Berggren         Tanner Jeannot           45     1   2  2  

PowerPlay Defense
   Defense                  Defense                                           Time % Phy DF OF 
 1 Yan Kuznetsov            Kirill Kudryavtsev                                55     1   2  2  
 2 Luke Krys                Montana Onyebuchi                                 45     1   2  2  

Penalty Kill 4 Players Forward 
   Center                   Wing                     Time % Phy DF OF 
 1 Jackson Blake            Jordan Greenway          55     1   2  2  
 2 Glenn Gawdin             Jonatan Berggren         45     1   2  2  

Penalty Kill 4 Players Defense
   Defense                  Defense                  Time % Phy DF OF 
 1 Yan Kuznetsov            Kirill Kudryavtsev       55     1   2  2  
 2 Luke Krys                Montana Onyebuchi        45     1   2  2  

Penalty Kill - 3 Players Forward 
   Forward                                           Time % Phy DF OF 
 1 Jackson Blake                                     55     1   2  2  
 2 Jordan Greenway                                   45     1   2  2  

Penalty Kill - 3 Players Defense
   Defense                  Defense                  Time % Phy DF OF 
 1 Yan Kuznetsov            Kirill Kudryavtsev       55     1   2  2  
 2 Luke Krys                Montana Onyebuchi        45     1   2  2  

4 vs 4 Forward 
   Center                   Wing                     Time % Phy DF OF 
 1 Jackson Blake            Jordan Greenway          55     1   2  2  
 2 Glenn Gawdin             Jonatan Berggren         45     1   2  2  

4 vs 4 Defense
   Defense                  Defense                  Time % Phy DF OF 
 1 Yan Kuznetsov            Kirill Kudryavtsev       55     1   2  2  
 2 Luke Krys                Montana Onyebuchi        45     1   2  2  

Last Minutes Offensive
   Center                   Left Wing                Right Wing               Defense                  Defense                  
   Jackson Blake            Jordan Greenway          Glenn Gawdin             Yan Kuznetsov            Kirill Kudryavtsev       

Last Minutes Defensive
   Center                   Left Wing                Right Wing               Defense                  Defense                  
   Jackson Blake            Jordan Greenway          Glenn Gawdin             Yan Kuznetsov            Kirill Kudryavtsev       

Goaltenders
Starting : Jet Greaves              
Backup : Remi Poirier             

Extra Forwards
Normal : Lane Pederson, Jake Lucchini, Dalibor Dvorsky - PP : Lane Pederson, Jake Lucchini - PK : Dalibor Dvorsky
Extra Defensemen
Normal : Vincent Iorio, Nikolas Matinpalo, Luke Krys - PP : Vincent Iorio - PK : Nikolas Matinpalo, Luke Krys
Penalty Shots
Jackson Blake, Jordan Greenway, Glenn Gawdin, Jonatan Berggren, Tanner Jeannot

Scratches
Kai Schwindt (Healthy), Artem Grushnikov (Healthy), Milo Roelens (Healthy), Daemon Hunt (Healthy), Tristan Luneau (Healthy)
Valtteri Pulli (Healthy), Michael Buchinger (Healthy), Shane Lachance (Healthy), Lukas Svejkovsky (Healthy), Jan Bednar (Healthy)
Eetu Makiniemi (Healthy), Vyacheslav Buteyets (Healthy), Vitek Vanecek (Healthy)

SHEDIAC CRUNCH

5 vs 5 Forward 
   Center                   Left Wing                Right Wing               Time % Phy DF OF 
 1 Kyle MacLean             Axel Jonsson-Fjallby     Anton Blidh              36     1   2  2  
 2 Alex Doucet              Bogdan Trineyev          Marcel Marcel            31     1   2  2  
 3 Jujhar Khaira            Gemel Smith              Atley Calvert            23     1   2  2  
 4 Kyle MacLean             Brandon Coe              Kasper Halttunen         10     1   2  2  

5 vs 5 Defense 
   Defense                  Defense                                           Time % Phy DF OF 
 1 Madison Bowey            Elias Salomonsson                                 36     1   2  2  
 2 Braden Hache             Luke Prokop                                       31     1   2  2  
 3 Jimmy Schuldt            Tyrel Bauer                                       23     1   2  2  
 4 Madison Bowey            Elias Salomonsson                                 10     1   2  2  

PowerPlay Forward 
   Center                   Left Wing                Right Wing               Time % Phy DF OF 
 1 Kyle MacLean             Axel Jonsson-Fjallby     Anton Blidh              55     1   2  2  
 2 Alex Doucet              Bogdan Trineyev          Marcel Marcel            45     1   2  2  

PowerPlay Defense
   Defense                  Defense                                           Time % Phy DF OF 
 1 Madison Bowey            Elias Salomonsson                                 55     1   2  2  
 2 Braden Hache             Luke Prokop                                       45     1   2  2  

Penalty Kill 4 Players Forward 
   Center                   Wing                     Time % Phy DF OF 
 1 Kyle MacLean             Axel Jonsson-Fjallby     55     1   2  2  
 2 Anton Blidh              Bogdan Trineyev          45     1   2  2  

Penalty Kill 4 Players Defense
   Defense                  Defense                  Time % Phy DF OF 
 1 Madison Bowey            Elias Salomonsson        55     1   2  2  
 2 Braden Hache             Luke Prokop              45     1   2  2  

Penalty Kill - 3 Players Forward 
   Forward                                           Time % Phy DF OF 
 1 Kyle MacLean                                      55     1   2  2  
 2 Axel Jonsson-Fjallby                              45     1   2  2  

Penalty Kill - 3 Players Defense
   Defense                  Defense                  Time % Phy DF OF 
 1 Madison Bowey            Elias Salomonsson        55     1   2  2  
 2 Braden Hache             Luke Prokop              45     1   2  2  

4 vs 4 Forward 
   Center                   Wing                     Time % Phy DF OF 
 1 Kyle MacLean             Axel Jonsson-Fjallby     55     1   2  2  
 2 Anton Blidh              Bogdan Trineyev          45     1   2  2  

4 vs 4 Defense
   Defense                  Defense                  Time % Phy DF OF 
 1 Madison Bowey            Elias Salomonsson        55     1   2  2  
 2 Braden Hache             Luke Prokop              45     1   2  2  

Last Minutes Offensive
   Center                   Left Wing                Right Wing               Defense                  Defense                  
   Kyle MacLean             Axel Jonsson-Fjallby     Anton Blidh              Madison Bowey            Elias Salomonsson        

Last Minutes Defensive
   Center                   Left Wing                Right Wing               Defense                  Defense                  
   Kyle MacLean             Axel Jonsson-Fjallby     Anton Blidh              Madison Bowey            Elias Salomonsson        

Goaltenders
Starting : Matt Villalta            
Backup : Isaac Poulter            

Extra Forwards
Normal : Jaydon Dureau, Jujhar Khaira, Gemel Smith - PP : Jaydon Dureau, Jujhar Khaira - PK : Gemel Smith
Extra Defensemen
Normal : Jimmy Schuldt, Tyrel Bauer, Braden Hache - PP : Jimmy Schuldt - PK : Tyrel Bauer, Braden Hache
Penalty Shots
Kyle MacLean, Axel Jonsson-Fjallby, Anton Blidh, Bogdan Trineyev, Alex Doucet

Scratches
Chase De Leo (Healthy), Brad Hunt (Healthy), Connor Hughes (Healthy)

% Time on Ice - CHICAGO WOLVES

Lines # - Real PCT - Wanted PCT - Time Play
Normal Forward
1 - 28% - 36% - 10:12
2 - 25% - 31% - 9:02
3 - 40% - 23% - 14:31
4 - 7% - 10% - 2:21
Normal Defense
1 - 38% - 36% - 13:53
2 - 31% - 31% - 11:19
3 - 30% - 23% - 10:54
4 - 0% - 10% - 0:00
PP Forward
1 - 53% - 55% - 6:16
2 - 47% - 45% - 5:38
PP Defense
1 - 54% - 55% - 6:23
2 - 46% - 45% - 5:31
PK Forward
1 - 66% - 55% - 6:13
2 - 34% - 45% - 3:14
PK Defense
1 - 47% - 55% - 4:25
2 - 53% - 45% - 5:02
PK3 Forward
1 - 100% - 55% - 0:34
2 - 0% - 45% - 0:00
PK3 Defense
1 - 0% - 55% - 0:00
2 - 100% - 45% - 0:34
44 Forward
1 - 51% - 55% - 1:01
2 - 49% - 45% - 0:58
44 Defense
1 - 51% - 55% - 1:01
2 - 49% - 45% - 0:58
Last Minute Offensive  - 0:00
Last Minute Defensive  - 0:00
Total
Forward - 60:00
Defense - 60:00

% Time on Ice - SHEDIAC CRUNCH

Lines # - Real PCT - Wanted PCT - Time Play
Normal Forward
1 - 23% - 36% - 8:24
2 - 32% - 31% - 11:29
3 - 38% - 23% - 13:46
4 - 7% - 10% - 2:27
Normal Defense
1 - 37% - 36% - 13:29
2 - 30% - 31% - 10:45
3 - 33% - 23% - 11:52
4 - 0% - 10% - 0:00
PP Forward
1 - 57% - 55% - 5:41
2 - 43% - 45% - 4:20
PP Defense
1 - 49% - 55% - 4:57
2 - 51% - 45% - 5:04
PK Forward
1 - 52% - 55% - 6:08
2 - 48% - 45% - 5:46
PK Defense
1 - 49% - 55% - 5:51
2 - 51% - 45% - 6:03
PK3 Forward
1 - 0% - 55%
2 - 0% - 45%
PK3 Defense
1 - 0% - 55%
2 - 0% - 45%
44 Forward
1 - 45% - 55% - 0:54
2 - 55% - 45% - 1:05
44 Defense
1 - 45% - 55% - 0:54
2 - 55% - 45% - 1:05
Last Minute Offensive  - 0:00
Last Minute Defensive  - 0:00
Total
Forward - 60:00
Defense - 60:00

Play-by-Play

1st period


0:01 of 1st period - Kyle MacLean wins face-off versus Jackson Blake in neutral zone.
0:12 of 1st period - Elias Salomonsson is hit by Jordan Greenway and loses puck.
0:23 of 1st period - Shot by Jordan Greenway.
0:23 of 1st period - Stopped by Matt Villalta without a rebound.
0:24 of 1st period - Alex Doucet wins face-off versus Devin Shore in SHEDIAC CRUNCH zone.
0:29 of 1st period - Shot by Bogdan Trineyev.
0:29 of 1st period - Deflect By Alex Doucet.
0:29 of 1st period - Shot Misses the Net.
0:30 of 1st period - Minor Penalty to Marcel Marcel for Interference.
0:31 of 1st period - Devin Shore wins face-off versus Kyle MacLean in SHEDIAC CRUNCH zone.
0:44 of 1st period - Shot by Jonatan Berggren.
0:44 of 1st period - Stopped by Matt Villalta without a rebound.
0:45 of 1st period - Anton Blidh wins face-off versus Jackson Blake in SHEDIAC CRUNCH zone.
0:45 of 1st period - Anton Blidh is hit by Jordan Greenway.
1:07 of 1st period - Shot by Jordan Greenway.
1:07 of 1st period - Shot Blocked by Madison Bowey.
1:17 of 1st period - Shot by Glenn Gawdin.
1:17 of 1st period - Deflect By Jackson Blake.
1:17 of 1st period - Stopped by Matt Villalta without a rebound.
1:18 of 1st period - Kyle MacLean wins face-off versus Devin Shore in SHEDIAC CRUNCH zone.
3:34 of 1st period - Shot by Bogdan Trineyev.
3:34 of 1st period - Stopped by Jet Greaves without a rebound.
3:35 of 1st period - Kyle MacLean wins face-off versus Devin Shore in CHICAGO WOLVES zone.
4:08 of 1st period - Shot by Jonatan Berggren.
4:08 of 1st period - Stopped by Matt Villalta without a rebound.
4:09 of 1st period - Alex Doucet wins face-off versus Jackson Blake in SHEDIAC CRUNCH zone.
4:20 of 1st period - Shot by Marcel Marcel.
4:20 of 1st period - Stopped by Jet Greaves with a rebound.
4:31 of 1st period - Minor Penalty to Tyrel Bauer for High sticking.
4:32 of 1st period - Kyle MacLean wins face-off versus Jackson Blake in SHEDIAC CRUNCH zone.
4:32 of 1st period - Kyle MacLean is hit by Jordan Greenway.
4:56 of 1st period - Icing by Jackson Blake.
4:57 of 1st period - Kyle MacLean wins face-off versus Jackson Blake in CHICAGO WOLVES zone.
5:18 of 1st period - Icing by Yan Kuznetsov.
5:19 of 1st period - Kyle MacLean wins face-off versus Jackson Blake in CHICAGO WOLVES zone.
5:20 of 1st period - Shot by Axel Jonsson-Fjallby.
5:20 of 1st period - Stopped by Jet Greaves with a rebound.
5:47 of 1st period - Kyle MacLean is hit by Tanner Jeannot and loses puck.
6:45 of 1st period - Shot by Gemel Smith.
6:45 of 1st period - Stopped by Jet Greaves without a rebound.
6:46 of 1st period - Alex Doucet wins face-off versus Jake Lucchini in CHICAGO WOLVES zone.
7:03 of 1st period - Shot by Bogdan Trineyev.
7:03 of 1st period - Stopped by Jet Greaves with a rebound.
7:34 of 1st period - Shot by Dalibor Dvorsky.
7:34 of 1st period - Deflect By Jackson Blake.
7:34 of 1st period - Stopped by Matt Villalta without a rebound.
7:35 of 1st period - Kyle MacLean wins face-off versus Jackson Blake in SHEDIAC CRUNCH zone.
7:55 of 1st period - Kyle MacLean is hit by Jordan Greenway.
8:06 of 1st period - Shot by Glenn Gawdin.
8:06 of 1st period - Goal by Glenn Gawdin - CHICAGO WOLVES : 1 - SHEDIAC CRUNCH : 0.
8:07 of 1st period - Devin Shore wins face-off versus Jujhar Khaira in neutral zone.
8:09 of 1st period - Jonatan Berggren is hit by Tyrel Bauer and loses puck.
8:12 of 1st period - Shot by Devin Shore.
8:12 of 1st period - Deflect By Tanner Jeannot.
8:12 of 1st period - Shot Misses the Net.
8:14 of 1st period - Shot by Devin Shore.
8:14 of 1st period - Stopped by Matt Villalta with a rebound.
8:18 of 1st period - Shot by Devin Shore.
8:18 of 1st period - Stopped by Matt Villalta without a rebound.
8:19 of 1st period - Jake Lucchini wins face-off versus Jujhar Khaira in SHEDIAC CRUNCH zone.
8:49 of 1st period - Shot by Kirill Kudryavtsev.
8:49 of 1st period - Stopped by Matt Villalta with a rebound.
9:09 of 1st period - Off-side.
9:10 of 1st period - Jackson Blake wins face-off versus Kyle MacLean in neutral zone.
9:10 of 1st period - Jackson Blake is hit by Anton Blidh.
9:30 of 1st period - Shot by Axel Jonsson-Fjallby.
9:30 of 1st period - Stopped by Jet Greaves without a rebound.
9:31 of 1st period - Devin Shore wins face-off versus Alex Doucet in CHICAGO WOLVES zone.
9:33 of 1st period - Icing by Tanner Jeannot.
9:34 of 1st period - Devin Shore wins face-off versus Alex Doucet in CHICAGO WOLVES zone.
9:34 of 1st period - Devin Shore is hit by Marcel Marcel.
9:38 of 1st period - Minor Penalty to Marcel Marcel for Tripping.
9:39 of 1st period - Jackson Blake wins face-off versus Kyle MacLean in SHEDIAC CRUNCH zone.
9:54 of 1st period - Shot by Jordan Greenway.
9:54 of 1st period - Stopped by Matt Villalta without a rebound.
9:55 of 1st period - Kyle MacLean wins face-off versus Jonatan Berggren in SHEDIAC CRUNCH zone.
9:55 of 1st period - Kyle MacLean is hit by Tanner Jeannot.
10:50 of 1st period - Shot by Jackson Blake.
10:50 of 1st period - Shot Misses the Net.
11:10 of 1st period - Shot by Jackson Blake.
11:10 of 1st period - Stopped by Matt Villalta without a rebound.
11:11 of 1st period - Jordan Greenway wins face-off versus Anton Blidh in SHEDIAC CRUNCH zone.
11:18 of 1st period - Shot by Jordan Greenway.
11:18 of 1st period - Stopped by Matt Villalta with a rebound.
11:20 of 1st period - Shot by Glenn Gawdin.
11:20 of 1st period - Stopped by Matt Villalta without a rebound.
11:21 of 1st period - Jonatan Berggren wins face-off versus Anton Blidh in SHEDIAC CRUNCH zone.
11:43 of 1st period - Shot by Jake Lucchini.
11:43 of 1st period - Stopped by Matt Villalta without a rebound.
11:44 of 1st period - Jujhar Khaira wins face-off versus Jake Lucchini in SHEDIAC CRUNCH zone.
11:44 of 1st period - Gemel Smith is hit by Ondrej Becher and loses puck.
11:48 of 1st period - Luke Prokop is hit by Ondrej Becher and loses puck.
12:22 of 1st period - Nikolas Matinpalo is hit by Jujhar Khaira and loses puck.
12:37 of 1st period - Shot by Axel Jonsson-Fjallby.
12:37 of 1st period - Stopped by Jet Greaves with a rebound.
13:01 of 1st period - Shot by Jackson Blake.
13:01 of 1st period - Stopped by Matt Villalta without a rebound.
13:02 of 1st period - Bogdan Trineyev wins face-off versus Devin Shore in SHEDIAC CRUNCH zone.
13:23 of 1st period - Shot by Jonatan Berggren.
13:23 of 1st period - Stopped by Matt Villalta with a rebound.
13:25 of 1st period - Shot by Jonatan Berggren.
13:25 of 1st period - Shot Misses the Net.
13:27 of 1st period - Shot by Devin Shore.
13:27 of 1st period - Stopped by Matt Villalta without a rebound.
13:28 of 1st period - Kyle MacLean wins face-off versus Jackson Blake in SHEDIAC CRUNCH zone.
13:33 of 1st period - Kirill Kudryavtsev is hit by Kasper Halttunen and loses puck.
13:37 of 1st period - Icing by Jordan Greenway.
13:38 of 1st period - Gemel Smith wins face-off versus Jackson Blake in CHICAGO WOLVES zone.
13:52 of 1st period - Minor Penalty to Luke Prokop for Elbowing.
13:53 of 1st period - Kyle MacLean wins face-off versus Devin Shore in SHEDIAC CRUNCH zone.
14:44 of 1st period - Icing by Jordan Greenway.
14:45 of 1st period - Anton Blidh wins face-off versus Jackson Blake in CHICAGO WOLVES zone.
14:58 of 1st period - Shot by Jackson Blake.
14:58 of 1st period - Shot Blocked by Braden Hache.
15:22 of 1st period - Shot by Jordan Greenway.
15:22 of 1st period - Stopped by Matt Villalta with a rebound.
15:24 of 1st period - Shot by Jordan Greenway.
15:24 of 1st period - Shot Misses the Net.
16:20 of 1st period - Off-side.
16:21 of 1st period - Dalibor Dvorsky wins face-off versus Bogdan Trineyev in neutral zone.
16:23 of 1st period - Off-side.
16:24 of 1st period - Jackson Blake wins face-off versus Alex Doucet in neutral zone.
16:29 of 1st period - Shot by Jordan Greenway.
16:29 of 1st period - Stopped by Matt Villalta with a rebound.
16:33 of 1st period - Shot by Jordan Greenway.
16:33 of 1st period - Shot Misses the Net.
16:35 of 1st period - Shot by Jordan Greenway.
16:35 of 1st period - Stopped by Matt Villalta without a rebound.
16:36 of 1st period - Jujhar Khaira wins face-off versus Devin Shore in SHEDIAC CRUNCH zone.
16:41 of 1st period - Montana Onyebuchi is hit by Gemel Smith and loses puck.
16:47 of 1st period - Jonatan Berggren is hit by Braden Hache and loses puck.
16:48 of 1st period - Minor Penalty to Braden Hache for Slashing.
16:49 of 1st period - Kyle MacLean wins face-off versus Jackson Blake in SHEDIAC CRUNCH zone.
16:49 of 1st period - Kyle MacLean is hit by Jordan Greenway.
17:30 of 1st period - Axel Jonsson-Fjallby is hit by Jordan Greenway and loses puck.
18:35 of 1st period - Montana Onyebuchi is hit by Gemel Smith and loses puck.
18:59 of 1st period - Shot by Jake Lucchini.
18:59 of 1st period - Shot Misses the Net.
19:01 of 1st period - Shot by Vincent Iorio.
19:01 of 1st period - Stopped by Matt Villalta without a rebound.
19:02 of 1st period - Jujhar Khaira wins face-off versus Dalibor Dvorsky in SHEDIAC CRUNCH zone.
19:16 of 1st period - Minor Penalty to Gemel Smith for Hooking.
19:17 of 1st period - Kyle MacLean wins face-off versus Jackson Blake in SHEDIAC CRUNCH zone.
19:17 of 1st period - Kyle MacLean is hit by Jordan Greenway.
19:45 of 1st period - Shot by Glenn Gawdin.
19:45 of 1st period - Shot Misses the Net.
19:47 of 1st period - Shot by Jordan Greenway.
19:47 of 1st period - Stopped by Matt Villalta with a rebound.
19:49 of 1st period - Shot by Yan Kuznetsov.
19:49 of 1st period - Stopped by Matt Villalta without a rebound.
19:50 of 1st period - Anton Blidh wins face-off versus Devin Shore in SHEDIAC CRUNCH zone.
19:50 of 1st period - Anton Blidh is hit by Tanner Jeannot.
Goals for this period are 1 for CHICAGO WOLVES vs 0 for SHEDIAC CRUNCH.
Shots for this period are 23 for CHICAGO WOLVES vs 7 for SHEDIAC CRUNCH.

2nd period


0:01 of 2nd period - Kyle MacLean wins face-off versus Jackson Blake in neutral zone.
0:01 of 2nd period - Kyle MacLean is hit by Jordan Greenway.
0:19 of 2nd period - Shot by Jackson Blake.
0:19 of 2nd period - Shot Blocked by Bogdan Trineyev.
0:21 of 2nd period - Shot by Yan Kuznetsov.
0:21 of 2nd period - Shot Blocked by Bogdan Trineyev.
0:32 of 2nd period - Glenn Gawdin is hit by Braden Hache and loses puck.
0:43 of 2nd period - Jackson Blake is hit by Braden Hache and loses puck.
1:28 of 2nd period - Shot by Kyle MacLean.
1:28 of 2nd period - Shot Blocked by Nikolas Matinpalo.
1:45 of 2nd period - Shot by Jake Lucchini.
1:45 of 2nd period - Stopped by Matt Villalta without a rebound.
1:46 of 2nd period - Dalibor Dvorsky wins face-off versus Jujhar Khaira in SHEDIAC CRUNCH zone.
1:52 of 2nd period - Jackson Blake is hit by Madison Bowey.
2:02 of 2nd period - Shot by Dalibor Dvorsky.
2:02 of 2nd period - Shot Misses the Net.
2:05 of 2nd period - Icing by Madison Bowey.
2:06 of 2nd period - Devin Shore wins face-off versus Jujhar Khaira in SHEDIAC CRUNCH zone.
2:08 of 2nd period - Jonatan Berggren is hit by Madison Bowey and loses puck.
2:16 of 2nd period - Devin Shore is hit by Elias Salomonsson and loses puck.
2:52 of 2nd period - Kyle MacLean is hit by Tanner Jeannot and loses puck.
3:04 of 2nd period - Shot by Axel Jonsson-Fjallby.
3:04 of 2nd period - Shot Misses the Net.
3:06 of 2nd period - Shot by Axel Jonsson-Fjallby.
3:06 of 2nd period - Deflect By Kyle MacLean.
3:06 of 2nd period - Stopped by Jet Greaves without a rebound.
3:07 of 2nd period - Alex Doucet wins face-off versus Jackson Blake in CHICAGO WOLVES zone.
3:12 of 2nd period - Shot by Marcel Marcel.
3:12 of 2nd period - Shot Hit the Post.
3:19 of 2nd period - Alex Doucet is hit by Montana Onyebuchi.
3:23 of 2nd period - Shot by Bogdan Trineyev.
3:23 of 2nd period - Shot Blocked by Montana Onyebuchi.
3:25 of 2nd period - Shot by Luke Prokop.
3:25 of 2nd period - Stopped by Jet Greaves with a rebound.
3:27 of 2nd period - Shot by Braden Hache.
3:27 of 2nd period - Stopped by Jet Greaves with a rebound.
3:38 of 2nd period - Minor Penalty to Marcel Marcel for Slashing.
3:38 of 2nd period - Minor Penalty to Montana Onyebuchi for Holding.
3:39 of 2nd period - Kyle MacLean wins face-off versus Jackson Blake in CHICAGO WOLVES zone.
4:31 of 2nd period - Shot by Glenn Gawdin.
4:31 of 2nd period - Stopped by Matt Villalta without a rebound.
4:32 of 2nd period - Bogdan Trineyev wins face-off versus Glenn Gawdin in SHEDIAC CRUNCH zone.
5:34 of 2nd period - Shot by Jackson Blake.
5:34 of 2nd period - Shot Misses the Net.
6:28 of 2nd period - Kyle MacLean is hit by Matthew Seminoff and loses puck.
6:45 of 2nd period - Shot by Kyle MacLean.
6:45 of 2nd period - Stopped by Jet Greaves without a rebound.
6:46 of 2nd period - Alex Doucet wins face-off versus Devin Shore in CHICAGO WOLVES zone.
6:55 of 2nd period - Shot by Bogdan Trineyev.
6:55 of 2nd period - Stopped by Jet Greaves without a rebound.
6:56 of 2nd period - Jackson Blake wins face-off versus Alex Doucet in CHICAGO WOLVES zone.
6:56 of 2nd period - Jackson Blake is hit by Bogdan Trineyev.
7:02 of 2nd period - Shot by Jackson Blake.
7:02 of 2nd period - Stopped by Matt Villalta without a rebound.
7:03 of 2nd period - Jujhar Khaira wins face-off versus Devin Shore in SHEDIAC CRUNCH zone.
7:03 of 2nd period - Jujhar Khaira is hit by Tanner Jeannot.
7:36 of 2nd period - Atley Calvert is hit by Yan Kuznetsov.
7:58 of 2nd period - Shot by Jackson Blake.
7:58 of 2nd period - Shot Blocked by Atley Calvert.
8:53 of 2nd period - Icing by Vincent Iorio.
8:54 of 2nd period - Kyle MacLean wins face-off versus Jake Lucchini in CHICAGO WOLVES zone.
9:23 of 2nd period - Off-side.
9:24 of 2nd period - Alex Doucet wins face-off versus Devin Shore in neutral zone.
9:39 of 2nd period - Shot by Bogdan Trineyev.
9:39 of 2nd period - Deflect By Marcel Marcel.
9:39 of 2nd period - Shot Misses the Net.
9:49 of 2nd period - Shot by Devin Shore.
9:49 of 2nd period - Shot Misses the Net.
9:51 of 2nd period - Shot by Tanner Jeannot.
9:51 of 2nd period - Shot Misses the Net.
9:53 of 2nd period - Shot by Devin Shore.
9:53 of 2nd period - Goal by Devin Shore - CHICAGO WOLVES : 2 - SHEDIAC CRUNCH : 0.
9:54 of 2nd period - Kyle MacLean wins face-off versus Jackson Blake in neutral zone.
9:54 of 2nd period - Kyle MacLean is hit by Jordan Greenway.
10:09 of 2nd period - Axel Jonsson-Fjallby is hit by Montana Onyebuchi and loses puck.
10:19 of 2nd period - Axel Jonsson-Fjallby is hit by Montana Onyebuchi and loses puck.
10:22 of 2nd period - Shot by Axel Jonsson-Fjallby.
10:22 of 2nd period - Shot Misses the Net.
10:24 of 2nd period - Shot by Kyle MacLean.
10:24 of 2nd period - Shot Misses the Net.
10:26 of 2nd period - Shot by Axel Jonsson-Fjallby.
10:26 of 2nd period - Stopped by Jet Greaves without a rebound.
10:27 of 2nd period - Jake Lucchini wins face-off versus Alex Doucet in CHICAGO WOLVES zone.
10:27 of 2nd period - Jake Lucchini is hit by Marcel Marcel.
10:35 of 2nd period - Minor Penalty to Ondrej Becher for Hooking.
10:36 of 2nd period - Bogdan Trineyev wins face-off versus Jackson Blake in CHICAGO WOLVES zone.
10:44 of 2nd period - Shot by Braden Hache.
10:44 of 2nd period - Stopped by Jet Greaves without a rebound.
10:45 of 2nd period - Alex Doucet wins face-off versus Jackson Blake in CHICAGO WOLVES zone.
12:43 of 2nd period - Matthew Seminoff is hit by Tyrel Bauer and loses puck.
13:03 of 2nd period - Ondrej Becher is hit by Tyrel Bauer and loses puck.
13:08 of 2nd period - Shot by Jake Lucchini.
13:08 of 2nd period - Stopped by Matt Villalta with a rebound.
13:24 of 2nd period - Tyrel Bauer is hit by Tanner Jeannot.
13:28 of 2nd period - Shot by Jonatan Berggren.
13:28 of 2nd period - Stopped by Matt Villalta with a rebound.
13:30 of 2nd period - Shot by Tanner Jeannot.
13:30 of 2nd period - Goal by Tanner Jeannot - CHICAGO WOLVES : 3 - SHEDIAC CRUNCH : 0.
13:31 of 2nd period - Kyle MacLean wins face-off versus Dalibor Dvorsky in neutral zone.
14:46 of 2nd period - Shot by Tanner Jeannot.
14:46 of 2nd period - Shot Misses the Net.
14:48 of 2nd period - Shot by Yan Kuznetsov.
14:48 of 2nd period - Stopped by Matt Villalta with a rebound.
15:14 of 2nd period - Shot by Kyle MacLean.
15:14 of 2nd period - Shot Misses the Net.
15:16 of 2nd period - Shot by Axel Jonsson-Fjallby.
15:16 of 2nd period - Shot Misses the Net.
15:18 of 2nd period - Shot by Kyle MacLean.
15:18 of 2nd period - Stopped by Jet Greaves without a rebound.
15:19 of 2nd period - Jujhar Khaira wins face-off versus Jackson Blake in CHICAGO WOLVES zone.
15:20 of 2nd period - Shot by Gemel Smith.
15:20 of 2nd period - Stopped by Jet Greaves without a rebound.
15:21 of 2nd period - Jujhar Khaira wins face-off versus Jake Lucchini in CHICAGO WOLVES zone.
15:23 of 2nd period - Minor Penalty to Montana Onyebuchi for Holding.
15:24 of 2nd period - Kyle MacLean wins face-off versus Jackson Blake in CHICAGO WOLVES zone.
16:12 of 2nd period - Icing by Braden Hache.
16:13 of 2nd period - Jackson Blake wins face-off versus Kyle MacLean in SHEDIAC CRUNCH zone.
16:14 of 2nd period - Shot by Jordan Greenway.
16:14 of 2nd period - Stopped by Matt Villalta with a rebound.
16:16 of 2nd period - Shot by Jordan Greenway.
16:16 of 2nd period - Stopped by Matt Villalta with a rebound.
16:18 of 2nd period - Shot by Jordan Greenway.
16:18 of 2nd period - Stopped by Matt Villalta without a rebound.
16:19 of 2nd period - Glenn Gawdin wins face-off versus Alex Doucet in SHEDIAC CRUNCH zone.
16:19 of 2nd period - Glenn Gawdin is hit by Madison Bowey.
16:28 of 2nd period - Glenn Gawdin is hit by Madison Bowey and loses puck.
16:55 of 2nd period - Shot by Elias Salomonsson.
16:55 of 2nd period - Shot Hit the Post.
16:57 of 2nd period - Shot by Madison Bowey.
16:57 of 2nd period - Shot Misses the Net.
17:10 of 2nd period - Icing by Anton Blidh.
17:11 of 2nd period - Jaydon Dureau wins face-off versus Glenn Gawdin in SHEDIAC CRUNCH zone.
17:23 of 2nd period - Axel Jonsson-Fjallby is hit by Montana Onyebuchi and loses puck.
17:31 of 2nd period - Gemel Smith is hit by Montana Onyebuchi and loses puck.
18:27 of 2nd period - Shot by Elias Salomonsson.
18:27 of 2nd period - Shot Blocked by Yan Kuznetsov.
18:33 of 2nd period - Shot by Elias Salomonsson.
18:33 of 2nd period - Deflect By Kyle MacLean.
18:33 of 2nd period - Shot Misses the Net.
18:45 of 2nd period - Shot by Devin Shore.
18:45 of 2nd period - Shot Misses the Net.
18:51 of 2nd period - Shot by Tanner Jeannot.
18:51 of 2nd period - Stopped by Matt Villalta without a rebound.
18:52 of 2nd period - Alex Doucet wins face-off versus Jackson Blake in SHEDIAC CRUNCH zone.
19:13 of 2nd period - Shot by Alex Doucet.
19:13 of 2nd period - Stopped by Jet Greaves without a rebound.
19:14 of 2nd period - Dalibor Dvorsky wins face-off versus Jujhar Khaira in CHICAGO WOLVES zone.
19:23 of 2nd period - Shot by Jackson Blake.
19:23 of 2nd period - Deflect By Dalibor Dvorsky.
19:23 of 2nd period - Shot Misses the Net.
19:29 of 2nd period - Shot by Dalibor Dvorsky.
19:29 of 2nd period - Stopped by Matt Villalta without a rebound.
19:30 of 2nd period - Alex Doucet wins face-off versus Devin Shore in SHEDIAC CRUNCH zone.
Goals for this period are 2 for CHICAGO WOLVES vs 0 for SHEDIAC CRUNCH.
Shots for this period are 13 for CHICAGO WOLVES vs 10 for SHEDIAC CRUNCH.

3rd period


0:01 of 3rd period - Jackson Blake wins face-off versus Anton Blidh in neutral zone.
0:06 of 3rd period - Shot by Jordan Greenway.
0:06 of 3rd period - Stopped by Matt Villalta without a rebound.
0:07 of 3rd period - Kyle MacLean wins face-off versus Jackson Blake in SHEDIAC CRUNCH zone.
0:20 of 3rd period - Shot by Anton Blidh.
0:20 of 3rd period - Stopped by Jet Greaves with a rebound.
0:22 of 3rd period - Shot by Kyle MacLean.
0:22 of 3rd period - Deflect By Axel Jonsson-Fjallby.
0:22 of 3rd period - Shot Misses the Net.
0:24 of 3rd period - Shot by Anton Blidh.
0:24 of 3rd period - Shot Blocked by Yan Kuznetsov.
0:53 of 3rd period - Icing by Glenn Gawdin.
0:54 of 3rd period - Alex Doucet wins face-off versus Jackson Blake in CHICAGO WOLVES zone.
1:03 of 3rd period - Shot by Bogdan Trineyev.
1:03 of 3rd period - Shot Misses the Net.
1:07 of 3rd period - Shot by Alex Doucet.
1:07 of 3rd period - Stopped by Jet Greaves with a rebound.
1:12 of 3rd period - Shot by Luke Prokop.
1:12 of 3rd period - Shot Blocked by Jordan Greenway.
1:14 of 3rd period - Shot by Bogdan Trineyev.
1:14 of 3rd period - Shot Blocked by Jordan Greenway.
1:18 of 3rd period - Shot by Alex Doucet.
1:18 of 3rd period - Shot Misses the Net.
1:22 of 3rd period - Shot by Marcel Marcel.
1:22 of 3rd period - Stopped by Jet Greaves without a rebound.
1:23 of 3rd period - Devin Shore wins face-off versus Jujhar Khaira in CHICAGO WOLVES zone.
1:25 of 3rd period - Icing by Tanner Jeannot.
1:26 of 3rd period - Devin Shore wins face-off versus Jujhar Khaira in CHICAGO WOLVES zone.
1:59 of 3rd period - Shot by Devin Shore.
1:59 of 3rd period - Shot Misses the Net.
3:19 of 3rd period - Jordan Greenway is hit by Kyle MacLean and loses puck.
3:32 of 3rd period - Shot by Bogdan Trineyev.
3:32 of 3rd period - Stopped by Jet Greaves with a rebound.
3:34 of 3rd period - Shot by Jimmy Schuldt.
3:34 of 3rd period - Stopped by Jet Greaves without a rebound.
3:35 of 3rd period - Alex Doucet wins face-off versus Dalibor Dvorsky in CHICAGO WOLVES zone.
3:50 of 3rd period - Shot by Alex Doucet.
3:50 of 3rd period - Stopped by Jet Greaves without a rebound.
3:51 of 3rd period - Jake Lucchini wins face-off versus Atley Calvert in CHICAGO WOLVES zone.
3:51 of 3rd period - Jake Lucchini is hit by Gemel Smith.
4:13 of 3rd period - Shot by Atley Calvert.
4:13 of 3rd period - Stopped by Jet Greaves without a rebound.
4:14 of 3rd period - Devin Shore wins face-off versus Alex Doucet in CHICAGO WOLVES zone.
4:47 of 3rd period - Devin Shore is hit by Tyrel Bauer and loses puck.
5:05 of 3rd period - Icing by Jordan Greenway.
5:06 of 3rd period - Jujhar Khaira wins face-off versus Jackson Blake in CHICAGO WOLVES zone.
5:12 of 3rd period - Gemel Smith is hit by Montana Onyebuchi and loses puck.
5:24 of 3rd period - Gemel Smith is hit by Montana Onyebuchi and loses puck.
5:28 of 3rd period - Icing by Luke Krys.
5:29 of 3rd period - Kyle MacLean wins face-off versus Glenn Gawdin in CHICAGO WOLVES zone.
5:36 of 3rd period - Shot by Kyle MacLean.
5:36 of 3rd period - Shot Misses the Net.
5:48 of 3rd period - Shot by Jordan Greenway.
5:48 of 3rd period - Shot Blocked by Braden Hache.
5:50 of 3rd period - Shot by Jackson Blake.
5:50 of 3rd period - Shot Misses the Net.
5:52 of 3rd period - Shot by Jackson Blake.
5:52 of 3rd period - Shot Misses the Net.
5:54 of 3rd period - Shot by Jordan Greenway.
5:54 of 3rd period - Stopped by Matt Villalta with a rebound.
6:16 of 3rd period - Shot by Jake Lucchini.
6:16 of 3rd period - Shot Misses the Net.
6:43 of 3rd period - Icing by Kirill Kudryavtsev.
6:44 of 3rd period - Marcel Marcel wins face-off versus Jake Lucchini in CHICAGO WOLVES zone.
6:57 of 3rd period - Icing by Kirill Kudryavtsev.
6:58 of 3rd period - Jake Lucchini wins face-off versus Kyle MacLean in CHICAGO WOLVES zone.
7:07 of 3rd period - Shot by Kyle MacLean.
7:07 of 3rd period - Stopped by Jet Greaves without a rebound.
7:08 of 3rd period - Alex Doucet wins face-off versus Jackson Blake in CHICAGO WOLVES zone.
7:32 of 3rd period - Shot by Glenn Gawdin.
7:32 of 3rd period - Shot Misses the Net.
7:44 of 3rd period - Shot by Glenn Gawdin.
7:44 of 3rd period - Stopped by Matt Villalta with a rebound.
7:46 of 3rd period - Shot by Glenn Gawdin.
7:46 of 3rd period - Shot Misses the Net.
7:48 of 3rd period - Shot by Jackson Blake.
7:48 of 3rd period - Shot Blocked by Bogdan Trineyev.
7:50 of 3rd period - Shot by Jackson Blake.
7:50 of 3rd period - Stopped by Matt Villalta without a rebound.
7:51 of 3rd period - Devin Shore wins face-off versus Anton Blidh in SHEDIAC CRUNCH zone.
7:52 of 3rd period - Shot by Jonatan Berggren.
7:52 of 3rd period - Stopped by Matt Villalta without a rebound.
7:53 of 3rd period - Kyle MacLean wins face-off versus Devin Shore in SHEDIAC CRUNCH zone.
7:53 of 3rd period - Kyle MacLean is hit by Tanner Jeannot.
8:11 of 3rd period - Axel Jonsson-Fjallby is hit by Vincent Iorio.
8:18 of 3rd period - Devin Shore is hit by Braden Hache and loses puck.
8:47 of 3rd period - Jimmy Schuldt is hit by Jake Lucchini and loses puck.
8:52 of 3rd period - Shot by Jake Lucchini.
8:52 of 3rd period - Shot Misses the Net.
8:58 of 3rd period - Shot by Jake Lucchini.
8:58 of 3rd period - Stopped by Matt Villalta with a rebound.
9:02 of 3rd period - Shot by Kirill Kudryavtsev.
9:02 of 3rd period - Stopped by Matt Villalta without a rebound.
9:03 of 3rd period - Alex Doucet wins face-off versus Jackson Blake in SHEDIAC CRUNCH zone.
9:22 of 3rd period - Shot by Marcel Marcel.
9:22 of 3rd period - Stopped by Jet Greaves with a rebound.
9:32 of 3rd period - Shot by Jackson Blake.
9:32 of 3rd period - Shot Misses the Net.
9:34 of 3rd period - Shot by Jackson Blake.
9:34 of 3rd period - Shot Misses the Net.
9:36 of 3rd period - Shot by Jackson Blake.
9:36 of 3rd period - Deflect By Jordan Greenway.
9:36 of 3rd period - Stopped by Matt Villalta without a rebound.
9:37 of 3rd period - Jujhar Khaira wins face-off versus Jake Lucchini in SHEDIAC CRUNCH zone.
10:17 of 3rd period - Shot by Matthew Seminoff.
10:17 of 3rd period - Stopped by Matt Villalta without a rebound.
10:18 of 3rd period - Kyle MacLean wins face-off versus Jackson Blake in SHEDIAC CRUNCH zone.
10:18 of 3rd period - Kyle MacLean is hit by Jordan Greenway.
10:27 of 3rd period - Icing by Luke Krys.
10:28 of 3rd period - Alex Doucet wins face-off versus Glenn Gawdin in CHICAGO WOLVES zone.
10:46 of 3rd period - Icing by Madison Bowey.
10:47 of 3rd period - Devin Shore wins face-off versus Alex Doucet in SHEDIAC CRUNCH zone.
11:19 of 3rd period - Shot by Tanner Jeannot.
11:19 of 3rd period - Shot Misses the Net.
11:47 of 3rd period - Icing by Luke Krys.
11:48 of 3rd period - Jackson Blake wins face-off versus Kyle MacLean in CHICAGO WOLVES zone.
11:55 of 3rd period - Minor Penalty to Jordan Greenway for Tripping.
11:56 of 3rd period - Anton Blidh wins face-off versus Jackson Blake in CHICAGO WOLVES zone.
12:05 of 3rd period - Shot by Anton Blidh.
12:05 of 3rd period - Stopped by Jet Greaves without a rebound.
12:06 of 3rd period - Kyle MacLean wins face-off versus Jackson Blake in CHICAGO WOLVES zone.
12:07 of 3rd period - Shot by Axel Jonsson-Fjallby.
12:07 of 3rd period - Stopped by Jet Greaves without a rebound.
12:08 of 3rd period - Jackson Blake wins face-off versus Kyle MacLean in CHICAGO WOLVES zone.
12:33 of 3rd period - Shot by Kyle MacLean.
12:33 of 3rd period - Shot Blocked by Jackson Blake.
12:39 of 3rd period - Shot by Anton Blidh.
12:39 of 3rd period - Shot Misses the Net.
13:47 of 3rd period - Shot by Kyle MacLean.
13:47 of 3rd period - Shot Misses the Net.
13:49 of 3rd period - Shot by Braden Hache.
13:49 of 3rd period - Shot Misses the Net.
14:03 of 3rd period - Shot by Atley Calvert.
14:03 of 3rd period - Goal by Atley Calvert - CHICAGO WOLVES : 3 - SHEDIAC CRUNCH : 1.
14:04 of 3rd period - Jujhar Khaira wins face-off versus Jake Lucchini in neutral zone.
14:04 of 3rd period - Jujhar Khaira is hit by Matthew Seminoff.
14:08 of 3rd period - Vincent Iorio is hit by Jujhar Khaira and loses puck.
14:24 of 3rd period - Icing by Jake Lucchini.
14:25 of 3rd period - Jake Lucchini wins face-off versus Alex Doucet in CHICAGO WOLVES zone.
14:25 of 3rd period - Nikolas Matinpalo is hit by Marcel Marcel and loses puck.
14:29 of 3rd period - Minor Penalty to Nikolas Matinpalo for Slashing.
14:30 of 3rd period - Kyle MacLean wins face-off versus Jackson Blake in CHICAGO WOLVES zone.
14:47 of 3rd period - Yan Kuznetsov is hit by Axel Jonsson-Fjallby and loses puck.
14:57 of 3rd period - Kyle MacLean is hit by Yan Kuznetsov.
15:00 of 3rd period - Anton Blidh is hit by Yan Kuznetsov and loses puck.
15:01 of 3rd period - Minor Penalty to Yan Kuznetsov for Roughing.
15:02 of 3rd period - Alex Doucet wins face-off versus Jackson Blake in CHICAGO WOLVES zone.
15:05 of 3rd period - Shot by Bogdan Trineyev.
15:05 of 3rd period - Stopped by Jet Greaves with a rebound.
15:07 of 3rd period - Shot by Luke Prokop.
15:07 of 3rd period - Stopped by Jet Greaves without a rebound.
15:08 of 3rd period - Jackson Blake wins face-off versus Alex Doucet in CHICAGO WOLVES zone.
15:35 of 3rd period - Shot by Alex Doucet.
15:35 of 3rd period - Goal by Alex Doucet - CHICAGO WOLVES : 3 - SHEDIAC CRUNCH : 2.
15:36 of 3rd period - Glenn Gawdin wins face-off versus Kyle MacLean in neutral zone.
15:36 of 3rd period - Jonatan Berggren is hit by Axel Jonsson-Fjallby and loses puck.
15:53 of 3rd period - Shot by Anton Blidh.
15:53 of 3rd period - Shot Misses the Net.
16:37 of 3rd period - Off-side.
16:38 of 3rd period - Glenn Gawdin wins face-off versus Alex Doucet in neutral zone.
17:08 of 3rd period - Shot by Atley Calvert.
17:08 of 3rd period - Stopped by Jet Greaves with a rebound.
17:10 of 3rd period - Shot by Jimmy Schuldt.
17:10 of 3rd period - Shot Misses the Net.
17:16 of 3rd period - Shot by Gemel Smith.
17:16 of 3rd period - Stopped by Jet Greaves with a rebound.
18:04 of 3rd period - Bogdan Trineyev is hit by Yan Kuznetsov and loses puck.
18:26 of 3rd period - Minor Penalty to Montana Onyebuchi for Tripping.
18:27 of 3rd period - Jackson Blake wins face-off versus Kyle MacLean in CHICAGO WOLVES zone.
19:27 of 3rd period - SHEDIAC CRUNCH, Matt Villalta is pulled from the net.
Goals for this period are 0 for CHICAGO WOLVES vs 2 for SHEDIAC CRUNCH.
Shots for this period are 9 for CHICAGO WOLVES vs 17 for SHEDIAC CRUNCH.